 Dungeon Crawl Stone Soup version 0.26.0-8-g74fc34ddfb (console) character file.

Game seed: 848901647292640154

149939 jejorda2 the Peltast (level 17, -12/93 HPs)
             Began as a Vine Stalker Berserker on Jan 12, 2021.
             Was the Champion of Trog.
             Killed from afar by a crystal guardian (37 damage)
             ... with a crystal bolt
             ... in the Desolation of Salt.
             The game lasted 01:39:17 (22821 turns).

jejorda2 the Peltast (Vine Stalker Berserker)      Turns: 22821, Time: 01:39:19

Health: -12/93     AC: 30    Str: 24    XL:     17   Next: 52%
Magic:  0/18       EV:  4    Int:  9    God:    Trog [******]
Gold:   467        SH: 21    Dex: 13    Spells: 16/16 levels left

rFire    . . .     SeeInvis .   a - +9 quick blade (flame)
rCold    . . .     Faith    +   f - +0 tower shield
rNeg     . . .     Spirit   +   y - +2 crystal plate armour
rPois    +         Reflect  .   e - +0 helmet
rElec    .         Harm     .   N - +0 cloak
rCorr    .         Rampage  .   M - +0 pair of gloves
Will     +++..                  z - +2 pair of boots
Stlth    ..........             Z - amulet of faith
HPRegen  1.05/turn              U - ring of poison resistance
MPRegen  0.16/turn              m - ring of Meotwiuv {Will+ Int+2 Dex-2 Slay+4}

@: no status effects
A: fangs 3, clumsy 1, regeneration 2, magic shield, antimagic bite, no potion
heal 3
a: Renounce Religion, Berserk, Trog's Hand, Brothers in Arms


You were in the Desolation of Salt.
You worshipped Trog.
Trog was exalted by your worship.
You visited 4 branches of the dungeon, and saw 23 of its levels.
You also visited: Sewer, Bailey and Desolation.

You collected 2544 gold pieces.
You spent 2077 gold pieces at shops.

Inventory:

Hand Weapons
 a - a +9 quick blade of flaming (weapon)
 R - a +2 dagger of flaming
Missiles
 d - 61 poisoned darts
 L - 112 boomerangs (quivered)
 X - 4 javelins
Armour
 e - a +0 helmet (worn)
 f - a +0 tower shield (worn)
 y - a +2 crystal plate armour (worn)
 z - a +2 pair of boots (worn)
 M - a +0 pair of gloves (worn)
 N - a +0 cloak (worn)
Jewellery
 g - the ring "Quyvirghi" {MP+9 Dex+9 SInv}
   (You found it in the Desolation of Salt)

   [ring of see invisible]

   It affects your dexterity (+9).
   It affects your magic capacity (+9).
   It lets you see invisible.
 k - an uncursed ring of ice
 m - the ring of Meotwiuv (right hand) {Will+ Int+2 Dex-2 Slay+4}
   (You acquired it on level 8 of the Dungeon)

   [ring of willpower]

   It affects your intelligence (+2).
   It affects your dexterity (-2).
   It affects your accuracy and damage with ranged weapons and melee attacks
   (+4).
   It affects your willpower, your defense against some magical effects.
 U - a ring of poison resistance (left hand)
 Y - an uncursed ring of protection from fire
 Z - an amulet of faith (around neck)
Wands
 j - a wand of enslavement (18)
 r - a wand of paralysis (14)
 s - a wand of polymorph (43)
 D - a wand of digging (7)
 H - a wand of flame (73)
 P - a wand of acid (16)
Scrolls
 b - a scroll of silence
 i - 10 scrolls of teleportation
 l - 13 scrolls of remove curse
 n - 4 scrolls of blinking
 q - 14 scrolls of identify
 A - 6 scrolls of fear
 K - 3 scrolls of magic mapping
 Q - a scroll of holy word
 S - a scroll of fog
Potions
 c - 13 potions of curing
 h - 2 potions of haste
 o - 2 potions of flight
 p - 3 potions of invisibility
 t - 4 potions of might
 v - 3 potions of mutation
 w - 8 potions of magic
 B - a potion of attraction
 C - 4 potions of lignification
 F - a potion of resistance
 G - 4 potions of cancellation
 J - 3 potions of ambrosia
Miscellaneous
 u - a condenser vane
 E - a condenser vane
 O - a lightning rod (4/4)
 T - a tin of tremorstones (2/2)


   Skills:
 - Level 12.0 Fighting
 - Level 10.0 Short Blades
 * Level 7.3 Throwing
 - Level 10.3 Armour
 - Level 3.0 Dodging
 - Level 2.0 Stealth
 + Level 17.1 Shields
 - Level 7.3 Evocations


You had 16 spell levels left.
You didn't know any spells.
Your spell library was empty.

Dungeon Overview and Level Annotations

Branches:
Dungeon (13/15)            Temple (0/1) D:4            Lair (6/6) D:9
  Swamp (0/4) Lair:2       Spider (0/4) Lair:3        Slime (0/5) Lair:5
    Orc (2/2) D:11            Elf (2/3) Orc:2         Sewer (visited)
 Bailey (visited)         Desolation (1/1)
 Vaults: D:13-14

Altars:
Dithmenos
Fedhas
Kikubaaqudgha
Ru
Trog
Uskayaw
Vehumet
Wu Jian
Xom
The Shining One
Jiyva

Shops:
D:7 }**   D:10 *   D:11 *   Orc:2 :*[(=

Annotations:
D:6 exclusion: oklob plant


Innate Abilities, Weirdness & Mutations

You have razor-sharp teeth.
You heal very quickly.
When hurt, damage is shared between your health and your magic reserves.
Your bite disrupts and absorbs the magic of your enemies.
Potions cannot restore your health.
You are clumsy. (Dex -2)


Message History

The crystal guardian is severely damaged.
The crystal guardian fires a crystalline bolt at you.
The crystal bolt burns you!!! The crystal bolt burns you!
The crystal bolt burns the crystal guardian.
The crystal guardian completely resists.
You hit the crystal guardian but do no damage.
You bite the crystal guardian.
The crystal guardian's magic leaks into the air.
You drain its magic.
You feel invigorated.
The crystal guardian is almost destroyed.
You hit the crystal guardian but do no damage.
You bite the crystal guardian, but do no damage.
The crystal guardian is almost destroyed.
You hit the crystal guardian but do no damage.
The crystal guardian is almost destroyed.
The crystal guardian fires a crystalline bolt at you.
The crystal bolt freezes you!!
* * * LOW HITPOINT WARNING * * *
The crystal bolt freezes you!!!
You die...

.§.§ ..§§§.§ #
#...§§.§§§§§§§§ #.
#...§§..§§§.... ..
#...§§..§§..... #.
###.............. #8.
#........##......
..##..##................
.......@................
.......8................
########################
########################
########################
########################
########################
########################


You could see a crystal guardian.

Vanquished Creatures
  Jorgrun (Elf:2)
  Kirke (Lair:4)
  2 orc warlords
  3 imperial myrmidons (Desolation)
  The ghost of WimpyRanger the Grappler, a journeyman FoTm of Qazlal (Lair:3)
  A fire dragon (D:11)
  2 ragged hierophants
  Snorg (D:13)
  Harold (D:8)
  5 servants of whispers (Desolation)
  9 hydras
  4 catoblepae
  2 peacekeepers (Desolation)
  5 boulder beetles
  3 two-headed ogres
  A centaur warrior (D:13)
  A deep troll shaman (Lair:6)
  11 death yaks
  3 dancing weapons (Elf:1)
  A tengu warrior (D:11)
  Urug (D:13)
  4 orc high priests (Orc:2)
  2 deep elf knights (Elf:1)
  The ghost of fearitself the Slicer, a journeyman VSCj of Gozag (Lair:2)
  4 unseen horrors
  Pikel (D:4)
  A flayed ghost (D:11)
  6 ironbrand convokers (Desolation)
  A lindwurm (Lair:6)
  5 orc knights
  2 deep elf archers (Elf:1)
  An oklob plant (Lair:6)
  4 orc sorcerers
  10 deep elf magi
  3 manticores (D:11)
  2 cyclopes (D:11)
  5 ugly things
  A torpor snail (Lair:6)
  5 elephants (Lair:6)
  6 black mambas
  Psyche (D:8)
  2 gargoyles (D:11)
  12 cane toads
  5 centaur skeletons
  7 komodo dragons
  A kobold demonologist (D:11)
  5 polar bears
  16 blink frogs
  9 trolls
  A harpy skeleton (D:12)
  5 slime creatures (D:12)
  28 saltlings
  Prince Ribbit (D:5)
  3 hornets
  4 dream sheep (Lair:6)
  A wyvern (Lair:5)
  An air elemental (Elf:2)
  A water elemental (Elf:2)
  A vampire (D:12)
  45 yaks
  4 wraiths
  2 hogs (Lair:3)
  2 redbacks (Lair:3)
  4 basilisks
  3 steam dragons
  Grum (D:8)
  3 vampire mosquitoes
  Menkaure (D:4)
  13 water moccasins
  2 wargs
  A soldier ant (D:12)
  An acid dragon (D:12)
  36 orc warriors
  7 sky beasts
  An ice beast (D:7)
  Purgy (Sewer)
  An eye of draining (D:8)
  2 necrophages
  2 phantoms
  19 wolves
  14 ogres
  8 centaurs
  4 big kobolds
  A gnoll sergeant (D:13)
  An earth elemental (D:11)
  14 bullfrogs
  7 scorpions
  14 killer bees
  11 wights
  2 howler monkeys
  5 electric eels
  2 bullfrog zombies
  A quasit (D:10)
  2 jellies
  13 hounds
  46 orc wizards
  28 orc priests
  4 bullfrog skeletons
  5 iguanas
  8 worker ants
  Natasha (twice) (D:2)
  4 hell rats (Lair:4)
  4 hound skeletons
  3 worker ant zombies
  A howler monkey zombie (D:6)
  A howler monkey skeleton (D:11)
  17 gnolls
  20 adders
  2 river rats (D:3)
  A shadow imp (D:8)
  2 white imps
  2 ufetubi
  2 oozes
  6 worms
  2 adder zombies
  An adder skeleton (D:4)
  A dart slug (D:2)
  7 leopard geckos
  105 orcs
  12 bats
  3 giant cockroaches
  8 goblins
  18 hobgoblins
  16 jackals
  7 quokkas
  5 ball pythons
  3 frilled lizards
  30 kobolds
  A leopard gecko skeleton (D:4)
  A leopard gecko zombie (D:5)
  A quokka zombie (D:7)
  10 rats
866 creatures vanquished.

Vanquished Creatures (collateral kills)
  Rupert (D:13)
  Frances (D:12)
  A hydra (Lair:6)
  2 death yaks (Lair:5)
  A cyclops (D:12)
  A wyvern (D:12)
  An eye of draining (D:12)
8 creatures vanquished.

Vanquished Creatures (others)
  A bush (Lair:6)
  40 fungi
  56 plants
  5 toadstools (D:1)
102 creatures vanquished.

Grand Total: 976 creatures vanquished

Notes
Turn   | Place    | Note
-------+----------+-------------------------------------------
     0 | D:1      | jejorda2 the Vine Stalker Berserker began the quest for the
                  | Orb.
     0 | D:1      | Reached XP level 1. HP: 11/11 MP: 2/2
   344 | D:1      | Reached XP level 2. HP: 12/16 MP: 3/3
   943 | D:2      | Reached XP level 3. HP: 16/20 MP: 2/4
  1541 | D:2      | Reached ** piety under Trog
  1561 | D:2      | Gained mutation: Your natural rate of healing is unusually
                  | fast. [Vine Stalker growth]
  1561 | D:2      | Reached XP level 4. HP: 16/24 MP: 5/5
  1633 | D:2      | Noticed Natasha
  1647 | D:2      | Killed Natasha
  1844 | D:2      | Noticed Natasha
  1855 | D:2      | Killed Natasha
  1856 | D:2      | Reached XP level 5. HP: 22/28 MP: 6/6
  2187 | D:3      | Reached XP level 6. HP: 19/33 MP: 4/7
  2196 | D:3      | Found a glowing drain.
  2238 | Sewer    | Entered a sewer
  2299 | Sewer    | Noticed Purgy
  2306 | Sewer    | Killed Purgy
  2307 | Sewer    | Reached skill level 5 in Short Blades
  2424 | D:3      | Reached *** piety under Trog
  2553 | D:3      | Noticed a phantom
  2596 | D:3      | Killed a phantom
  2597 | D:3      | Reached XP level 7. HP: 25/37 MP: 8/8
  3219 | D:4      | Noticed Menkaure
  3228 | D:4      | Killed Menkaure
  3383 | D:4      | Noticed Pikel
  3396 | D:4      | Killed Pikel
  3397 | D:4      | Gained mutation: You have razor-sharp teeth. [Vine Stalker
                  | growth]
  3397 | D:4      | Reached XP level 8. HP: 42/42 MP: 7/9
  3657 | D:4      | Found a staircase to the Ecumenical Temple.
  3961 | D:5      | Entered Level 5 of the Dungeon
  4389 | D:5      | Found a shadowy altar of Dithmenos.
  4427 | D:5      | Reached **** piety under Trog
  4562 | D:5      | Noticed Prince Ribbit
  4580 | D:5      | Killed Prince Ribbit
  4581 | D:5      | Reached XP level 9. HP: 33/45 MP: 10/10
  5066 | D:6      | Found an ancient bone altar of Kikubaaqudgha.
  5213 | D:6      | Reached skill level 10 in Short Blades
  5222 | D:6      | Reached skill level 1 in Shields
  5222 | D:6      | Reached skill level 1 in Evocations
  5558 | D:6      | Reached skill level 2 in Shields
  5580 | D:6      | Found a blossoming altar of Fedhas.
  5601 | D:6      | Noticed an oklob plant
  5699 | D:7      | Found Jevuqij's General Store.
  5721 | D:7      | Found Vaojaix's Gadget Shoppe.
  5745 | D:7      | Bought a potion of lignification for 42 gold pieces
  5924 | D:7      | Reached skill level 3 in Shields
  5951 | D:7      | Found Sedem's Assorted Antiques.
  5956 | D:7      | Bought a large bone amulet for 110 gold pieces
  6080 | D:7      | Noticed a boulder beetle
  6111 | D:7      | Killed a boulder beetle
  6112 | D:7      | Reached skill level 4 in Shields
  6112 | D:7      | Reached XP level 10. HP: 41/51 MP: 6/11
  6279 | D:7      | Reached ***** piety under Trog
  6526 | D:7      | Found a blossoming altar of Fedhas.
  6526 | D:7      | Found a shimmering altar of Xom.
  6526 | D:7      | Found a glowing golden altar of the Shining One.
  6628 | D:8      | Noticed Grum
  6732 | D:8      | Noticed Harold
  6760 | D:8      | Killed Harold
  6761 | D:8      | Reached skill level 5 in Fighting
  6761 | D:8      | Reached skill level 5 in Armour
  6761 | D:8      | Reached skill level 5 in Shields
  6846 | D:8      | Killed Grum
  6918 | D:8      | You fall into a shaft and drop 1 floor!
  6953 | D:9      | Reached skill level 6 in Shields
  7010 | D:9      | Reached XP level 11. HP: 49/57 MP: 9/12
  7076 | D:9      | Found a staircase to the Lair.
  7346 | D:9      | Reached skill level 7 in Shields
  7693 | D:8      | Found a sacrificial altar of Ru.
  8109 | D:8      | Noticed Psyche
  8123 | D:8      | Killed Psyche
  8221 | D:8      | Identified a scroll of acquirement
  8221 | D:8      | Acquired the ring of Meotwiuv {Will+ Int+2 Dex-2 Slay+4}
  8269 | Lair:1   | Entered Level 1 of the Lair of Beasts
  8365 | Lair:1   | Got a jewelled short sword
  8371 | Lair:1   | Identified the +3 short sword "Arrikukh" {drain, *Contam
                  | +Inv Dex+2} (You found it on level 1 of the Lair of Beasts)
  8379 | Lair:1   | Gained mutation: You are clumsy. (Dex -2) [mutagenic glow]
  9194 | Lair:2   | Reached skill level 8 in Shields
  9197 | Lair:2   | Found a runed translucent gate.
  9197 | Lair:2   | Found a runed translucent gate.
  9197 | Lair:2   | Found a runed translucent gate.
  9200 | Lair:2   | Noticed a 13-headed hydra
  9200 | Lair:2   | Noticed fearitself's ghost (journeyman VSCj)
  9200 | Lair:2   | Noticed a nine-headed hydra
  9610 | Lair:2   | Found a staircase to the Swamp.
  9977 | Lair:2   | Killed a 13-headed hydra
  9983 | Lair:2   | Killed a nine-headed hydra
  9984 | Lair:2   | Reached skill level 9 in Shields
  9984 | Lair:2   | Gained mutation: You heal very quickly. [Vine Stalker
                  | growth]
  9984 | Lair:2   | Reached XP level 12. HP: 64/64 MP: 13/13
  9991 | Lair:2   | Killed fearitself's ghost
 10181 | Lair:3   | Found a hole to the Spider Nest.
 10523 | Lair:3   | Acquired a +2 crystal plate armour
 10559 | Lair:3   | Noticed WimpyRanger's ghost (journeyman FoTm)
 10561 | Lair:3   | Found a runed translucent door.
 10637 | Lair:3   | Killed WimpyRanger's ghost
 10757 | Lair:3   | Got an ichor-stained short sword
 10757 | Lair:3   | Identified the +9 short sword of Intimidation {vorpal,
                  | Int+7 Dex+3} (You found it on level 3 of the Lair of
                  | Beasts)
 11011 | Lair:4   | Noticed a catoblepas
 11011 | Lair:4   | Noticed a death yak
 11025 | Lair:4   | Killed a death yak
 11026 | Lair:4   | Reached skill level 10 in Shields
 11044 | Lair:4   | Killed a catoblepas
 11216 | Lair:4   | Noticed Kirke
 11232 | Lair:4   | Killed Kirke
 11354 | Lair:4   | Noticed a four-headed hydra
 11363 | Lair:4   | Killed a four-headed hydra
 11363 | Lair:4   | Reached ****** piety under Trog
 11363 | Lair:4   | Received a gift from Trog
 12042 | Lair:5   | Found a viscous altar of Jiyva.
 12042 | Lair:5   | Found a staircase to the Slime Pits.
 12068 | Lair:5   | Reached skill level 11 in Shields
 12088 | Lair:5   | Reached XP level 13. HP: 70/70 MP: 14/14
 12106 | Lair:5   | Found a hide-covered altar of Uskayaw.
 12107 | Lair:5   | Found an ornate altar of the Wu Jian Council.
 12821 | Lair:6   | Entered Level 6 of the Lair of Beasts
 12908 | Lair:6   | Reached skill level 12 in Shields
 13005 | Lair:6   | Acquired 414 gold pieces
 13055 | Lair:6   | Reached skill level 10 in Fighting
 13292 | Lair:6   | Received a gift from Trog
 13293 | Lair:6   | Got a polished rapier {god gift}
 13294 | Lair:6   | Identified the +10 rapier of Killer Bee's Foe {vorpal,
                  | Str+3} (Trog gifted it to you on level 6 of the Lair of
                  | Beasts)
 13444 | Lair:6   | Reached XP level 14. HP: 66/77 MP: 12/15
 13582 | Lair:6   | Reached skill level 13 in Shields
 13689 | Lair:6   | Reached skill level 10 in Armour
 14026 | Lair:6   | Reached skill level 1 in Stealth
 14653 | D:10     | Entered Level 10 of the Dungeon
 14721 | D:10     | Found Nudat's Assorted Antiques.
 14724 | D:10     | Bought a scroll labelled KEIFADGHAPE for 20 gold pieces
 14761 | D:10     | Found a flagged portal.
 14792 | Bailey   | Entered a bailey
 14855 | Bailey   | Received a gift from Trog
 14999 | Bailey   | Reached XP level 15. HP: 81/81 MP: 16/16
 16100 | D:11     | Found Meraz's Pet Rocks.
 16138 | D:11     | Reached skill level 14 in Shields
 16141 | D:11     | Bought a tin of tremorstones (2/2) for 600 gold pieces
 16152 | D:11     | Found a staircase to the Orcish Mines.
 16626 | D:11     | Received a gift from Trog
 16942 | D:11     | Reached XP level 16. HP: 88/88 MP: 17/17
 17210 | D:11     | Got a polished scale mail
 17222 | D:11     | Identified the cursed +1 scale mail "Jorofeg" {Harm} (You
                  | found it on level 11 of the Dungeon)
 17718 | D:12     | Noticed Frances
 17743 | D:12     | Killed Frances
 17744 | D:12     | Reached skill level 15 in Shields
 17822 | D:12     | Received a gift from Trog
 18912 | D:13     | Noticed Rupert
 18912 | D:13     | Noticed Snorg
 18946 | D:13     | Killed Rupert
 18955 | D:13     | Killed Snorg
 19024 | D:13     | Noticed Urug
 19059 | D:13     | Killed Urug
 19703 | Orc:1    | Entered Level 1 of the Orcish Mines
 19989 | Orc:1    | Found a bloodstained altar of Trog.
 20077 | Orc:2    | Entered Level 2 of the Orcish Mines
 20077 | Orc:2    | Found a staircase to the Elven Halls.
 20178 | Orc:2    | Reached skill level 1 in Throwing
 20234 | Orc:2    | Found Raxtucha's Jewellery Shoppe.
 20262 | Orc:2    | Bought an uncursed amulet of faith for 640 gold pieces
 20333 | Orc:2    | Received a gift from Trog
 20469 | Orc:2    | Reached skill level 16 in Shields
 20531 | Orc:2    | Received a gift from Trog
 20747 | Orc:2    | Found Tohazem's Antique Armour Boutique.
 20748 | Orc:2    | Found Ene Hemp's Antique Weapon Shop.
 20749 | Orc:2    | Found Usuf's General Store.
 20749 | Orc:2    | Found Beushrewe's Book Boutique.
 20889 | Orc:2    | Found a radiant altar of Vehumet.
 21101 | Orc:2    | Bought a pair of glowing boots for 202 gold pieces
 21109 | Orc:2    | Bought a +0 pair of gloves for 63 gold pieces
 21541 | D:7      | Bought a condenser vane for 400 gold pieces
 21645 | Elf:1    | Entered Level 1 of the Elven Halls
 21918 | Elf:1    | Received a gift from Trog
 21983 | Elf:1    | Reached XP level 17. HP: 93/93 MP: 18/18
 22092 | Elf:1    | You fall into a shaft and drop 1 floor!
 22093 | Elf:2    | Found a ruined gateway.
 22128 | Elf:2    | Noticed Jorgrun
 22146 | Elf:2    | Killed Jorgrun
 22191 | Desolati | Entered the Desolation of Salt
 22252 | Desolati | Reached skill level 5 in Throwing
 22353 | Desolati | Reached skill level 17 in Shields
 22485 | Desolati | Received a gift from Trog
 22494 | Desolati | Identified the Guide on Burning Malediction
 22496 | Desolati | Got a wavering bronze ring
 22502 | Desolati | Identified the ring "Quyvirghi" {MP+9 Dex+9 SInv} (You
                  | found it in the Desolation of Salt)
 22821 | Desolati | Killed from afar by a crystal guardian

Illustrated notes

Levels and vault maps discovered:
D:1:      ldierk_walled_garden, layout_basic, serial_bayou_lagoon_b
D:2:      layout_loops_ring, kennysheep_generic_room_4, uniq_natasha
D:3:      layout_basic, lightli_sewer_entry_pipes, bh_walls_and_bars
D:4:      layout_loops_corners, minmay_temple_entry_stoned_glass, uniq_pikel,
          uniq_menkaure
D:5:      layout_loops_ring, nicolae_dithmenos_shadow_blocks,
          grunt_ministairs_9, uniq_prince_ribbit1
D:6:      kennysheep_steamy, layout_basic, lemuel_doored_altar, tgw_fedhas
D:7:      minmay_octagon_keep, layout_basic, minitemple, serial_shops,
          nicolae_shop_overgrown_old_shop, nicolae_shop_trees, shop
D:8:      layout_basic, lemuel_coloured_pillars_altar, uniq_harold, uniq_psyche,
          uniq_grum
D:9:      layout_cross, erik_lair_island
D:10:     layout_irregular_city, enter_bailey_2, serial_shops, kennysheep_mini
D:11:     nzn_winding_woodlands_huge [nzn_winding_woodlands_5x15_cabin,
          nzn_winding_woodlands_5x15_crooked, nzn_winding_woodlands_5x15_parted,
          nzn_winding_woodlands_5x15_lazy_stream,
          nzn_winding_woodlands_5x15_split_checker,
          nzn_winding_woodlands_5x15_sidewinder,
          nzn_winding_woodlands_5x15_longhouse,
          nzn_winding_woodlands_5x15_twine,
          nzn_winding_woodlands_5x15_concentric,
          nzn_winding_woodlands_5x15_default,
          nzn_winding_woodlands_center_pierced_h,
          nzn_winding_woodlands_center_lodge,
          nzn_winding_woodlands_15x15_thick_spiral], layout_long_grid,
          guppyfry_shop_earth
D:12:     layout_basic, uniq_frances
D:13:     layout_basic, nrook_mini_vaults, uniq_rupert, uniq_snorg, uniq_urug
Lair:1:   layout_gridlike, st_stairs_10
Lair:2:   layout_roguey, swamp_mist_pool, gammafunk_ghost_hydra_chop
Lair:3:   layout_gridlike, spider_nest_entry_webs, gammafunk_ghost_grave
Lair:4:   layout_cave_pods, nicolae_lair_yak_garden, uniq_kirke
Lair:5:   layout_gridlike, slime_altar_1, nzn_masters_of_martial_movement
Lair:6:   grunt_lair_end_beastmaster, layout_regular_city,
          chequers_serial_rivers_small_3, grunt_megastairs_5
Orc:1:    layout_caves, trog_butcher_becter
Orc:2:    st_orc_congregation, layout_caves, basic_altar, serial_shops,
          nicolae_shop_crystal
Elf:1:    layout_gridlike, hangedman_corner_corridor, einodemon_barbed_minivault
Elf:2:    layout_geoelf_octagon, portal_desolation_entry_nicolae_nacl,
          lemuel_elevator, grunt_megastairs_2, uniq_jorgrun
Desolation

Skill      XL: |  1  2  3  4  5  6  7  8  9 10 11 12 13 14 15 16 17 |
---------------+----------------------------------------------------+-----
Short Blades   | 3 4 5 7 9 10 | 10.0
Fighting       | 3 4 6 7 9 10 11 12 | 12.0
Armour         | 2 3 4 6 7 8 9 10 | 10.3
Shields        | 4 6 9 11 12 13 14 16 17 | 17.1
Evocations     | 4 7 |  7.3
Stealth        | 2 |  2.0
Dodging        | 3 |  3.0
Throwing       | 3 7 |  7.3

Action                   |  1- 3 |  4- 6 |  7- 9 | 10-12 | 13-15 | 16-18 || total
-------------------------+-------+-------+-------+-------+-------+-------++-------
Melee: Dagger            |   116 |   230 |   420 |   864 |  1176 |   947 ||  3753
       Bite              |    38 |    80 |   197 |   462 |   694 |   678 ||  2149
       Short sword       |     1 |       |       |       |       |       ||     1
       Quick blade       |       |       |       |       |       |   521 ||   521
Throw: Dart              |       |     5 |    13 |     3 |     4 |    16 ||    41
       Boomerang         |       |       |       |       |       |    22 ||    22
Invok: Berserk           |     1 |     3 |     2 |     2 |     2 |     3 ||    13
       Trog's Hand       |       |     1 |     2 |     2 |     1 |     4 ||    10
       Brothers in Arms  |       |       |       |       |     2 |     2 ||     4
Evoke: Wand              |       |       |       |     8 |       |     1 ||     9
       Lightning rod     |       |       |       |       |     3 |       ||     3
       Tin of tremorston |       |       |       |       |     1 |     2 ||     3
  Use: Scroll            |       |     1 |    19 |    11 |     8 |     5 ||    44
       Potion            |       |       |       |     2 |     1 |       ||     3
 Stab: Sleeping          |       |     1 |     1 |       |       |       ||     2
       Petrified         |       |       |       |     6 |     8 |       ||    14
       Petrifying        |       |       |       |     1 |       |       ||     1
Armor: Ring mail         |    39 |    46 |       |       |       |       ||    85
       Animal skin       |     1 |       |       |       |       |       ||     1
       Troll leather arm |       |     7 |    19 |       |       |       ||    26
       Chain mail        |       |       |    75 |   140 |       |       ||   215
       Crystal plate arm |       |       |       |    62 |   378 |   205 ||   645
Dodge: Dodged            |    65 |    86 |   113 |    68 |    41 |    45 ||   418
Block: Tower shield      |       |       |       |   445 |   749 |   586 ||  1780
